Map: Para Site LE

Players

LastDance

  • Race: Terran Terran
  • League: Diamond
  • Spawn Location: 5:00

LavarsBalls - Winner!

  • Race: Protoss Protoss
  • League: Diamond
  • Spawn Location: 11:00

VOD

Have the link to the VOD?

Description

Time

  • Played on: Jan. 2, 2019, 9:58 p.m.
  • Length: 5:38
Show
View Real Time Build Order
Export as new Build Order

LastDance Terran 

Build Orders:  

Get SALT Encoding   

  12  0:00  SCV  
  13  0:13  SCV  
  14  0:17  Supply Depot  
  14  0:25  SCV  
  15  0:38  SCV  
  15  0:40  Barracks  
  16  0:50  SCV  
  17  1:02  SCV, Barracks  
  18  1:11  Supply Depot  
  18  1:14  SCV  
  18  1:18  Refinery  
  19  1:24  Refinery  
  19  1:31  Marine  
  20  1:42  Barracks  
  20  1:51  Barracks Tech Lab  
  20  1:56  Barracks Tech Lab  
  20  2:12  Barracks  
  20  2:13  Concussive Shells  
  20  2:19  Marauder  
  22  2:28  Marauder  
  24  2:35  SCV  
  25  2:42  Supply Depot  
  25  2:50  Marauder  
  27  2:59  Marauder  
  29  3:07  Barracks Tech Lab  
  31  3:12  Marauder  
  31  3:22  Bunker  
  31  3:30  Marauder  
  33  3:35  Marauder  
  33  3:46  Marauder  
  35  3:51  Marine x2  
  33  4:07  Marauder, Marine  
  35  4:13  Marauder  
  37  4:25  Marauder  
  39  4:39  Marine  
  38  4:47  Marauder  
  38  4:50  Marauder  
  38  4:51  Marauder  
  38  4:57  Marine  
  36  5:02  Supply Depot  
  32  5:16  Marauder  
Show
View Real Time Build Order
Export as new Build Order

LavarsBalls Protoss - Winner!

Build Orders: 1 Gate Expand 

Get SALT Encoding   

  12  0:01  Probe  
  13  0:13  Probe  
  14  0:18  Pylon  
  14  0:25  Probe  
  15  0:37  Probe  
  15  0:39  Gateway  
  16  0:45  Assimilator  
  16  0:46  Probe  
  17  0:54  Probe  
  18  1:04  Probe  
  19  1:16  Probe  
  20  1:30  Nexus  
  20  1:37  Pylon  
  20  1:46  Cybernetics Core  
  19  1:50  Probe  
  20  1:56  Assimilator  
  20  2:07  Probe  
  21  2:19  Probe  
  22  2:23  Stalker  
  24  2:30  Robotics Facility  
  24  2:32  Probe  
  24  2:36  Warp Gate  
  25  2:45  Shield Battery  
  25  2:47  Shield Battery  
  25  2:57  Zealot  
  27  3:08  Gateway  
  27  3:10  Immortal  
  29  3:20  Stalker  
  28  3:59  Immortal  
  28  4:08  Stalker  
  30  4:15  Zealot  
  36  4:20  Shield Battery  
  34  4:33  Immortal  
  32  4:57  Stalker x2  
  34  5:23  Zealot x2  
Tags
 
Add a new tag
Caveats
  • Supply blocks, unpowered buildings, or Contaminate may cause inaccurate times.
  • Supply counts are checked every 10 seconds.